 Dungeon Crawl Stone Soup version 0.29.0-7-g18a832c13a (webtiles) character file.

Game seed: 1772308267061671640

265 SnakkuSnakku7 the Slasher (level 6, 0/46 HPs)
             Began as a Djinni Chaos Knight on Aug 31, 2022.
             Was a Plaything of Xom.
             Slain by a goblin
             ... wielding a +0 dagger
             ... led by Robin
              (2 damage)
             ... on level 3 of the Dungeon.
             The game lasted 00:03:36 (2404 turns).

SnakkuSnakku7 the Slasher (Djinni Chaos Knight)     Turns: 2404, Time: 00:03:37

Health: 0/46       AC:  9    Str: 13    XL:     6   Next: 44%
Gold:   169        EV:  5    Int: 18    God:    Xom [*.....] SH:  3 Dex: 12

rFire   + + .      SeeInvis .   a - +7 spear "Muzxuc" {elec, rElec Will+ Int+4}
rCold   x . .      Faith    .   z - +0 buckler
rNeg    + + .      Spirit   .   f - +0 chain mail
rPois   ∞          Reflect  .   (no helmet)
rElec   +          Harm     .   w - +0 cloak {rCorr}
rCorr   +          Rampage  .   (no gloves)
Will    +....                   (boots unavailable)
Stlth   ..........              (no amulet)
HPRegen 0.15/turn               p - ring of positive energy
MPRegen 0.00/turn               u - ring of positive energy

@: flying
A: sickness immunity, fire resistance 2, cold vulnerability 1, float, innate
caster, HP casting, extra vitality 1, MP-powered wands
a: Renounce Religion


You were on level 3 of the Dungeon.
You worshipped Xom.
You were a special plaything of Xom.
You visited 1 branch of the dungeon, and saw 3 of its levels.

You collected 169 gold pieces.

Inventory:

Hand Weapons
 a - the +7 spear "Muzxuc" (weapon) {elec, rElec Will+ Int+4}
   (You found it on level 2 of the Dungeon)

   It occasionally discharges a powerful burst of electricity upon striking a
   foe.
   Int:       It affects your intelligence (+4).
   rElec:     It insulates you from electricity.
   Will:      It increases your willpower.
 t - a +0 falchion of chaos
Missiles
 l - 6 poisoned darts
Armour
 b - a +2 leather armour
 f - a +0 chain mail (worn)
 h - a scarf of invisibility
 w - a +0 cloak of preservation (worn)
 z - a +0 buckler (worn)
Jewellery
 i - a +6 ring of intelligence
 p - a ring of positive energy (left hand)
 u - a ring of positive energy (right hand)
Wands
 x - a wand of roots (3)
Scrolls
 d - 2 scrolls of identify {unknown}
 g - a scroll of fear {unknown}
 j - 3 scrolls of noise {unknown}
 k - a scroll of amnesia {unknown}
 o - 2 scrolls of poison {unknown}
 r - 2 scrolls of teleportation {unknown}
 v - a scroll of blinking {unknown}
 y - 2 scrolls of vulnerability {unknown}
Potions
 m - a potion of cancellation
 n - 2 potions of mutation
 q - a potion of might {unknown}
 s - a potion of attraction {unknown}
Miscellaneous
 c - a piece from Xom's chessboard (15/15) (quivered)


   Skills:
 - Level 3.3 Fighting
 - Level 3.6 Long Blades
 + Level 2.5 Polearms
 + Level 2.9 Throwing
 - Level 1.0 Armour
 - Level 2.1 Dodging


You had 2 spell levels left.
You knew the following spells:

 Your Spells              Type           Power      Damage    Failure   Level
a - Beastly Appendage     Tmut           0%         N/A       100%        1
b - Static Discharge      Conj/Air       0%         3-3/arc   100%        2
Your spell library was empty.


Dungeon Overview and Level Annotations

Branches:
Dungeon (3/15)

Altars:
Qazlal
Xom

Annotations:
D:3 Grinder, Robin


Innate Abilities, Weirdness & Mutations

You are immune to sickness and miasma.
You are immune to poison.
Your flesh is very heat resistant. (rF++)
You are vulnerable to cold. (rC-)
You float through the air rather than walking.
You learn spells naturally, not from books.
Your magical power is your life essence.
You have superior vitality. (+4 MHP)
You expend health (3 HP) to strengthen your wands.


Message History

Unknown command.
You closely miss Grinder.
Grinder is heavily wounded.
The bat hits you but does no damage. x2; Grinder hits you but does no damage.
The goblin hits you with a +0 club. The goblin hits you but does no damage.
Unknown command.
You closely miss Grinder.
Grinder is heavily wounded.
You block the bat's attack. The goblin hits you but does no damage.
Grinder gestures at you. You resist with almost no effort.
The goblin barely misses you. The bat hits you but does no damage.
Unknown command.
You hit Grinder.
Grinder is severely wounded.
The bat hits you.
* * * LOW HITPOINT WARNING * * *
The goblin hits you but does no damage. Grinder hits you.
* * * LOW HITPOINT WARNING * * *
The goblin hits you but does no damage.
It was a potion of mutation.
You feel extremely strange.
You feel slightly disoriented.
You feel frail.
You feel clumsy. The bat barely misses you. x2
Grinder says, "What is the universe for?"
Grinder gestures at you. You resist with almost no effort.
The goblin hits you with a +0 club.
* * * LOW HITPOINT WARNING * * *
The goblin hits you with a +0 dagger.
* * * LOW HITPOINT WARNING * * *
It was a potion of cancellation.
You feel magically purged.
The bat hits you but does no damage. x2; Grinder hits you but does no damage.
The goblin hits you but does no damage. x2
Unknown command.
It was a potion of magic.
Magic washes over you without effect. The bat hits you but does no damage.
Grinder gestures at you.
You are unaffected.
The bat hits you but does no damage. The goblin hits you but does no damage.
The goblin hits you with a +0 dagger.
You die...
Xom laughs nastily!

, ,, ,
*...........<..........
, ,,, , ,,
........÷(..#####....#
** *** *
,........#......##.####
* ,,, *
#########..###...>#
,,,, ,,*,,,,...*###..#
###..#### _, ,****
***#5##...## ##....# *
,* * #.......#
####.##.. ,,,,
*****###5#####
#......## , , ,,,,
,,#g@g# #......# , ,
,,,,,,,,,#b### #......#
,,,, ...g.ggg# ########
,,,, ,, .....g###*** ,
,, ,,..<..g ,,,*** *
**** ,,..... ****,,,,,
** *****# *,,,.....
***,,,,,,, ,,. ....,,
**** * *# , ,.... ,*


You could see Grinder, Robin, 6 goblins and a bat.

Vanquished Creatures
  A swamp drake (D:3)
  Terence (D:2)
  Crazy Yiuf (D:2)
  Ijyb (D:3)
  Natasha (D:3)
  An adder (D:2)
  A dart slug (D:3)
  7 ball pythons
  2 endoplasms (D:1)
  A giant cockroach (D:2)
  8 goblins
  6 hobgoblins
  3 jackals (D:2)
  7 quokkas
  3 bats
  A frilled lizard (D:1)
  5 kobolds
  2 rats
52 creatures vanquished.

Vanquished Creatures (collateral kills)
  A hobgoblin (D:1)
1 creature vanquished.

Grand Total: 53 creatures vanquished

Notes
Turn   | Place    | Note
-------+----------+-------------------------------------------
     0 | D:1      | SnakkuSnakku7 the Djinni Chaos Knight began the quest for
                  | the Orb.
     0 | D:1      | Reached XP level 1. HP: 20/20 MP: 0/0
    60 | D:1      | Reached XP level 2. HP: 9/25 MP: 0/0
   118 | D:1      | HP: 1/25 [frozen (6)]
   388 | D:1      | XOM: scenery: summon butterflies
   501 | D:1      | XOM: scenery: create altars
   622 | D:1      | XOM: scenery: 1 doors open, 1 doors close
   735 | D:1      | Reached XP level 3. HP: 30/30 MP: 0/0
   735 | D:1      | Learned a level 1 spell: Beastly Appendage
   745 | D:1      | Found a faded altar of an unknown god.
   888 | D:1      | XOM: scenery: create altars
  1176 | D:2      | XOM: cast spell 'Disjunction'
  1201 | D:2      | XOM: silly message
  1211 | D:2      | XOM: silly message
  1298 | D:2      | Reached skill level 1 in Throwing
  1307 | D:2      | Reached XP level 4. HP: 28/35 MP: 0/0
  1448 | D:2      | Found a stormy altar of Qazlal.
  1453 | D:2      | Identified the +7 spear "Muzxuc" {elec, rElec Will+ Int+4}
  1484 | D:2      | XOM: 1-stop teleportation journey
  1512 | D:2      | Noticed Terence
  1520 | D:2      | Killed Terence
  1784 | D:2      | Found a runed translucent door.
  1870 | D:2      | XOM: give mutations
  1870 | D:2      | Gained mutation: You are robust. (+10% HP) [Xom's grace]
  1870 | D:2      | Gained mutation: You are agile. (Dex +4, Str/Int -1) [Xom's
                  | grace]
  1870 | D:2      | Gained mutation: You expend health (3 HP) to strengthen
                  | your wands. [Xom's grace]
  1870 | D:2      | Gained mutation: You passively map a small area around you.
                  | [Xom's grace]
  1871 | D:2      | Noticed Crazy Yiuf
  1875 | D:2      | Killed Crazy Yiuf
  1876 | D:2      | Reached skill level 1 in Polearms
  1876 | D:2      | Reached XP level 5. HP: 41/44 MP: 0/0
  1876 | D:2      | Learned a level 2 spell: Static Discharge
  1914 | D:3      | Noticed Ijyb
  1921 | D:3      | Killed Ijyb
  2040 | D:3      | Noticed Natasha
  2045 | D:3      | XOM: cast spell 'Dispersal'
  2050 | D:3      | Killed Natasha
  2071 | D:3      | Noticed Natasha
  2071 | D:3      | Noticed Natasha
  2071 | D:3      | Natasha changed into Natasha the swamp drake
  2071 | D:3      | XOM: polymorph Natasha -> Natasha the swamp drake
  2073 | D:3      | XOM: divination: magic mapping
  2077 | D:3      | XOM: torment (22/44 hp)
  2083 | D:3      | XOM: cast spell 'Summon Cactus Giant'
  2089 | D:3      | Killed Natasha the swamp drake
  2090 | D:3      | Reached XP level 6. HP: 7/50 MP: 0/0
  2388 | D:3      | Noticed Grinder
  2388 | D:3      | Noticed Robin
  2402 | D:3      | Lost mutation: You passively map a small area around you.
                  | [potion of mutation]
  2402 | D:3      | Lost mutation: You are robust. (+10% HP) [potion of
                  | mutation]
  2402 | D:3      | Lost mutation: You are agile. (Dex +4, Str/Int -1) [potion
                  | of mutation]
  2402 | D:3      | HP: 1/46 [goblin/+0 dagger[Robin] (3)]
  2404 | D:3      | Slain by a goblin

Illustrated notes

Levels and vault maps discovered:
D:1:      minmay_arrival_cross, layout_basic, dreamdust_ecumenical_altar_grove,
          kennysheep_another_room, chequers_serial_rivers_marsh, minmay_vboxes
D:2:      layout_basic, basic_altar, uniq_terence, uniq_crazy_yiuf_cottage
D:3:      layout_rooms, grunt_dithmenos_smoke, corexii_corridor_pit,
          minivault_11, uniq_ijyb, uniq_natasha, uniq_grinder, uniq_robin

Skill      XL: |  1  2  3  4  5 |
---------------+----------------+-----
Long Blades    | 3 |  3.6
Throwing       | 1 2 |  2.9
Polearms       | 1 2 |  2.5
Fighting       | |  3.3
Armour         | |  1.0
Dodging        | |  2.1

Action                   |  1- 3 |  4- 6 || total
-------------------------+-------+-------++-------
Melee: Falchion          |   109 |     2 ||   111
       Punch             |     1 |       ||     1
       Spear             |       |    69 ||    69
  Use: Potion            |       |     3 ||     3
 Stab: Petrifying        |     1 |       ||     1
       Paralysed         |     2 |       ||     2
Armor: Leather armour    |     8 |       ||     8
       Chain mail        |    71 |    60 ||   131
Dodge: Dodged            |    41 |    17 ||    58
Block: Buckler           |       |     5 ||     5
